 Dungeon Crawl Stone Soup version 0.20-a0-839-gdaf5c57 (webtiles) character file.

121 Treemains the Covered (level 5, 0/61 HPs)
             Began as a Human Fighter on Mar 9, 2017.
             Was an Initiate of Makhleb.
             Slain by an orc warrior
             ... wielding a +0 dire flail
              (4 damage)
             ... on level 4 of the Dungeon.
             The game lasted 00:35:32 (2700 turns).

Treemains the Covered (Human Fighter)               Turns: 2700, Time: 00:35:33

Health: 0/61       AC: 22    Str: 15 (17) XL:     5   Next: 26%
Magic:  0/5        EV:  2    Int:  6 (9)  God:    Makhleb [......]
Gold:   128        SH:  8    Dex:  9 (12) Spells: 4/4 levels left

rFire    . . .     SeeInvis .   a - +0 long sword
rCold    . . .     Gourm    .   (armour currently unavailable)
rNeg     + + +     Faith    .   c - +0 shield
rPois    +         Spirit   +   (helmet currently unavailable)
rElec    .         Reflect  .   (cloak currently unavailable)
rCorr    .         Harm     .   (gloves currently unavailable)
MR       .....     NoTele   +   (boots currently unavailable)
Stlth    +.........             x - amulet of guardian spirit
Regen    0.2/turn               (no ring)
MPRegen  0.1/turn               n - ring of poison resistance

@: tree-form
A: no striking features
a: Renounce Religion


You were on level 4 of the Dungeon.
You worshipped Makhleb.
Makhleb was noncommittal.
You were not hungry.
You were a tree.
You visited 1 branch of the dungeon, and saw 4 of its levels.

You collected 128 gold pieces.

Inventory:

Hand Weapons
 a - a +0 long sword (weapon)
 b - a +0 hunting sling
 w - a +2 dagger of protection
 G - a +0 whip
Missiles
 h - 15 sling bullets
 l - a tomahawk
 t - a throwing net
 u - 51 arrows
 v - 125 stones (quivered)
 F - 16 poisoned needles
Armour
 c - a +0 shield (worn)
 y - a +0 plate armour (melded)
 C - a +0 scale mail
Jewellery
 j - an uncursed amulet of the gourmand {unknown}
 n - a ring of poison resistance (left branch)
 x - an amulet of guardian spirit (around neck)
Scrolls
 i - a scroll of fog
 s - 2 scrolls of enchant armour {unknown}
 z - a scroll of random uselessness {unknown}
 D - 2 scrolls of teleportation {unknown}
Potions
 d - a potion of might
 g - 2 potions of flight
 p - a potion of agility {unknown}
 I - a potion of heal wounds {unknown}
Books
 A - a book of Minor Magic

   Spells                             Type                      Level
   a - Magic Dart                     Conjuration                  1
   b - Blink                          Translocation                2
   c - Call Imp                       Summoning                    2
   d - Slow                           Hexes                        2
   e - Conjure Flame                  Conjuration/Fire             3
   f - Mephitic Cloud                 Conjuration/Poison/Air       3
Comestibles
 f - 2 bread rations
 m - 3 meat rations
 r - a royal jelly


   Skills:
 + Level 3.2 Fighting
 + Level 3.6 Long Blades
 + Level 0.2 Slings
 + Level 0.2 Throwing
 * Level 3.7 Armour
 - Level 0.2 Dodging
 + Level 3.5 Shields


You had 4 spell levels left.
You didn't know any spells.

Dungeon Overview and Level Annotations

Branches:
Dungeon (4/15)
 Temple: D:4-7

Altars:
Dithmenos
Gozag
Makhleb


Message History

It was a potion of degeneration.
There was something very wrong with that liquid.
You feel weakened.
You feel dopey.
You feel clumsy. You block the orc warrior's attack.
It was a potion of lignification.
You turn into a tree.
Your +0 plate armour melds into your body.
Your roots penetrate the ground.
You closely miss the orc warrior.
The orc warrior is moderately wounded.
You block the orc warrior's attack.
The orc warrior hits you with a dire flail.
* * * LOW HITPOINT WARNING * * *
You hit the orc warrior.
The orc warrior is moderately wounded.
You block the orc warrior's attack.
You completely miss the orc warrior.
The orc warrior is moderately wounded.
The orc priest hits you but does no damage.
The orc warrior hits you with a dire flail.
You die...

#....# #.......#
#........#.#
#....#####.......#
#........#.#
.....oo..........#
#........#.###
.)...#####.#######
##....†...... .....#
#o####### ##.#.#######
###### #.......# #......#
#####...######...##.#
##ooo#.........# #
#...♣+.#.......#
#####....###.......#
#####........#...........#
#.....###.......)#.##.####
###.#.# #.##.....#.....#
#.#.###.##...........#
#..............##....#
#..............# ##..#
#..............# ..#


You could see an orc warrior, an orc priest and an orc.

Vanquished Creatures
  Jessica (D:2)
  2 adders
  A worm (D:3)
  A dart slug (D:1)
  A leopard gecko (D:4)
  8 orcs
  2 giant cockroaches
  6 hobgoblins
  6 jackals
  A quokka (D:2)
  A ball python (D:2)
  7 bats
  3 frilled lizards
  9 goblins
  9 kobolds
  9 rats
67 creatures vanquished.

Notes
Turn   | Place    | Note
-------+----------+-------------------------------------------
     0 | D:1      | Treemains the Human Fighter began the quest for the Orb.
     0 | D:1      | Reached XP level 1. HP: 18/18 MP: 1/1
   108 | D:1      | Reached XP level 2. HP: 5/24 MP: 2/2
   511 | D:1      | Reached XP level 3. HP: 23/29 MP: 3/3
   871 | D:2      | Found an opulent altar of Gozag.
  1229 | D:2      | Reached XP level 4. HP: 24/35 MP: 2/4
  1564 | D:2      | Found a burning altar of Makhleb.
  1577 | D:2      | Became a worshipper of Makhleb the Destroyer
  1640 | D:2      | Noticed Jessica
  1647 | D:2      | Killed Jessica
  2083 | D:3      | Reached XP level 5. HP: 41/41 MP: 5/5
  2610 | D:4      | Found a shadowy altar of Dithmenos.
  2667 | D:4      | Noticed an orc warrior
  2684 | D:4      | HP: 1/41 [orc warrior/dire flail (10)]
  2698 | D:4      | HP: 3/61 [orc warrior/dire flail (1)]
  2700 | D:4      | Slain by an orc warrior

Vault maps used:
D:1:      minmay_arrival_semitransparent, st_stairs_5, lemuel_old_faithful
D:2:      grunt_gozag_statues, lemuel_doored_altar, kennysheep_jessica_study
D:3:      first_bread, minmay_close_crescents
D:4:      marbit_many_paths

Skill      XL: |  1  2  3 |
---------------+----------+-----
Long Blades    | 3 |  3.6
Fighting       | |  3.2
Slings         | |  0.2
Throwing       | |  0.2
Armour         | |  3.7
Dodging        | |  0.2
Shields        | |  3.5

Action                   |  1- 3 |  4- 6 || total
-------------------------+-------+-------++-------
Melee: Long sword        |    95 |    97 ||   192
 Fire: Hunting sling     |     2 |     5 ||     7
Throw: Stone             |    24 |    10 ||    34
  Use: Scroll            |       |     4 ||     4
       Potion            |       |     4 ||     4
  Eat: Chunk             |     1 |     2 ||     3
       Bread ration      |       |     1 ||     1
Armor: Scale mail        |    25 |    24 ||    49
       Plate armour      |    35 |    26 ||    61
       Skin              |       |     1 ||     1
Dodge: Dodged            |    20 |    17 ||    37
Block: Shield            |    52 |    71 ||   123
       Rpst.: Long sword |     4 |     5 ||     9
